 Dungeon Crawl Stone Soup version 0.16-a0-3641-g71d4c1b (webtiles) character file.

95 thelaststarmaker the Covert (level 4, 0/33 HPs)
             Began as a Vampire Assassin on Apr 4, 2015.
             Slain by a jackal (3 damage)
             ... on level 3 of the Dungeon.
             The game lasted 00:11:06 (1995 turns).

thelaststarmaker the Covert (Vampire Assassin)      Turns: 1995, Time: 00:11:06

Health: 0/33       AC:  0    Str:  5    XL:     4   Next: 39%
Magic:  3/4        EV: 19    Int: 13    God:
Gold:   192        SH:  0    Dex: 21    Spells: 0 memorised, 3 levels left

rFire  . . .     SeeInvis +     a - melded +2 dagger
rCold  . . .     Clarity  .     c - melded +0 robe
rNeg   + + .     SustAb   .     (shield currently unavailable)
rPois  .         Gourm    .     (helmet currently unavailable)
rElec  .         Spirit   .     d - melded +0 cloak
rCorr  .         Warding  +     (gloves currently unavailable)
rMut   .         Stasis   .     (boots currently unavailable)
MR     .....                    r - amulet of warding
Stlth  +++++.....               n - melded ring of see invisible
                                l - melded +2 ring of strength

@: bat-form, flying, very quick, not resistant to hostile enchantments, quite
stealthy
A: bottle blood, (fangs 0), see invisible, (unbreathing)
a: End Transformation


You were on level 3 of the Dungeon.
You were not thirsty.
You were in vampire-bat-form.
You visited 1 branch of the dungeon, and saw 3 of its levels.

You collected 192 gold pieces.

Inventory:

Hand weapons
 a - a +2 dagger (melded)
 b - a +0 blowgun
 s - a +0 shortbow
Missiles
 e - 30 poisoned needles
 f - 2 curare-tipped needles
 t - 20 arrows of frost
Armour
 c - a +0 robe (melded)
 d - a +0 cloak (melded)
 v - a troll hide
Magical staves
 B - an uncursed staff of air {unknown}
Jewellery
 l - a +2 ring of strength (melded)
 n - a ring of see invisible (melded)
 r - an amulet of warding (around neck)
 C - a -2 ring of evasion
Scrolls
 h - 2 scrolls of teleportation {unknown}
 i - 2 scrolls of blinking
 k - a scroll of identify {unknown}
 m - a scroll of enchant armour {unknown}
 p - a scroll of amnesia
 w - a scroll of fog {unknown}
 x - a scroll of fear {unknown}
 y - a scroll of noise {unknown}
 A - a scroll of recharging {unknown}
Potions
 g - a potion of blood
 j - a potion of lignification {unknown}
 o - a potion of restore abilities {unknown}
 q - a potion of curing {unknown}
 u - a potion of resistance {unknown}
 z - a potion of poison {unknown}


   Skills:
 - Level 1.7 Fighting
 - Level 2.1 Short Blades
 - Level 1.5 Throwing
 - Level 1.1 Dodging
 + Level 9.0 Stealth


You had 3 spell levels left.
You didn't know any spells.

Dungeon Overview and Level Annotations

Branches:
Dungeon (3/15)

Altars:

Annotations:
D:3 Ijyb; WateryHell's ghost, average DrBe


Innate Abilities, Weirdness & Mutations

You can bottle blood from corpses.
((You have razor-sharp teeth.))
You have supernaturally acute eyesight.
((You can survive without breathing.))


Message History

Ijyb closely misses you.
You hit Ijyb. Your bite misses Ijyb.
Ijyb is heavily wounded.
Ijyb hits you with a whip.
* * * LOW HITPOINT WARNING * * *
Use which ability? (? or * to list)
You turn into a vampire bat.
Your +2 dagger melds into your body.
Your +0 cloak melds into your body.
Your +0 robe melds into your body.
Your +2 ring of strength melds into your body.
Your ring of see invisible melds into your body.
You feel weaker. Ijyb hits you with a whip.
* * * LOW HITPOINT WARNING * * *
The jackal barks!
The jackal misses you.
The jackal barks! x2
The jackal misses you.
There is a stone staircase leading up here.
The jackal bites you.
You die...

...[.#.####.........#
#....#.####......(..#
....##.g....g...(..##
....>..######.......##
.......# ###.....#รท.#
...#.######.......##.#
#..#).......#...h.##.###
.....########...h......#
........).# #..hb.##...#
.....####.# #.....##...#
....)# #.#####...##...#
.....# #.....###......##
.....##
#####..%........#
......# ##..........#
.....## #..........#
....## ############
...##


You could see Ijyb and 3 jackals.

Vanquished Creatures
  3 adders (D:2)
  3 giant geckos
  2 oozes (D:3)
  3 giant cockroaches
  14 goblins
  7 hobgoblins
  12 kobolds
  6 bats
  5 giant newts
  11 rats
66 creatures vanquished.

Notes
Turn   | Place    | Note
--------------------------------------------------------------
     0 | D:1      | thelaststarmaker, the Vampire Assassin, began the quest for the Orb.
     0 | D:1      | Reached XP level 1. HP: 16/16 MP: 1/1
    15 | D:1      | Reached skill level 6 in Stealth
   138 | D:1      | Reached XP level 2. HP: 19/22 MP: 2/2
   381 | D:1      | Reached skill level 7 in Stealth
   984 | D:2      | Reached XP level 3. HP: 27/27 MP: 3/3
  1280 | D:2      | Reached skill level 8 in Stealth
  1461 | D:2      | Reached XP level 4. HP: 17/33 MP: 4/4
  1551 | D:3      | Noticed WateryHell's ghost (average DrBe)
  1674 | D:3      | Noticed Ijyb
  1907 | D:3      | Reached skill level 9 in Stealth
  1972 | D:3      | HP: 1/33 [Ijyb/whip (6)]
  1995 | D:3      | Slain by a jackal

Action                   |  1- 3 |  4- 6 || total
-------------------------+-------+-------++-------
Melee: Dagger            |   139 |    73 ||   212
 Abil: Bat Form          |       |     5 ||     5
       End Transformatio |       |     4 ||     4
  Use: Scroll            |     2 |     2 ||     4
 Stab: Sleeping          |    12 |       ||    12
  Eat: Corpse            |       |     2 ||     2
